 Dungeon Crawl Stone Soup version 0.22.1-2-g9c5b331383 (webtiles) character file.

116 Knicklaso the Magician (level 4, 0/36 HPs)
             Began as a Deep Elf Fire Elementalist on Nov 25, 2018.
             Was a Follower of Trog.
             Succumbed to a crimson imp's poison
             ... on level 3 of the Dungeon.
             The game lasted 00:07:28 (2509 turns).

Knicklaso the Magician (Deep Elf Fire Elementalist) Turns: 2509, Time: 00:07:29

Health: 0/36       AC: 22    Str:  5    XL:     4   Next: 70%
Magic:  12/12      EV:  2    Int: 21    God:    Trog [*.....]
Gold:   95         SH:  0    Dex: 15    Spells: 10/11 levels left

rFire    . . .     SeeInvis .   f - +0 short sword
rCold    . . .     Gourm    .   (no shield)
rNeg     + + +     Faith    +   (armour currently unavailable)
rPois    +         Spirit   .   (helmet currently unavailable)
rElec    .         Reflect  .   (cloak currently unavailable)
rCorr    .         Harm     .   (gloves currently unavailable)
MR       .....     NoTele   +   (boots currently unavailable)
Stlth    ++........             o - amulet of faith
HPRegen  0.12/turn              (no ring)
MPRegen  0.13/turn              (no ring)

@: lethally poisoned (0 -> -3), tree-form, berserk cooldown, very slightly
contaminated, hasted and slowed, drained, invisible (expiring)
A: mutation resistance 1
a: Berserk, Renounce Religion


You were on level 3 of the Dungeon.
You worshipped Trog.
Trog was aware of your devotion.
You were near starving.
You were a tree.
You visited 1 branch of the dungeon, and saw 3 of its levels.

You collected 95 gold pieces.

Inventory:

Hand Weapons
 e - a +0 hunting sling
 f - a +0 short sword (weapon)
Missiles
 g - 91 stones (quivered)
Armour
 n - a +0 helmet (melded)
 p - a +0 chain mail (melded)
Jewellery
 o - an amulet of faith (around neck)
Scrolls
 a - a scroll of remove curse {unknown}
 d - 3 scrolls of teleportation {unknown}
 i - 2 scrolls of identify {unknown}
 j - a scroll of noise {unknown}
 l - a scroll of amnesia {unknown}
Comestibles
 c - 4 rations


   Skills:
 * Level 1.1(0.8) Short Blades
 + Level 2.9(2.7) Dodging
 * Level 3.0(2.8) Stealth
 - Level 4.1(3.9) Spellcasting
 - Level 3.5(3.3) Conjurations
 - Level 3.2(3.0) Fire Magic


You had 10 spell levels left.
You knew the following spells:

 Your Spells              Type           Power        Failure   Level  Hunger
a - Flame Tongue          Conj/Fire      ###..        3%          1    None

Your spell library contained the following spells:

 Spells                   Type           Power        Failure   Level  Hunger
 Throw Flame              Conj/Fire      ###...       4%          2    #......
 Conjure Flame            Conj/Fire      ###.....     10%         3    ###....
 Confusing Touch          Hex            #.....       12%         1    None
 Inner Flame              Hex/Fire       ##......     19%         3    ###....
 Sticky Flame             Conj/Fire      ###.....     32%         4    ####...
 Confuse                  Hex            #.......     36%         3    ###....
 Gell's Gravitas          Tloc           #.........   36%         3    ###....
 Fireball                 Conj/Fire      ###.......   65%         5    ######.
 Petrify                  Tmut/Erth      #.......     77%         4    ####...
 Metabolic Englaciation   Hex/Ice        #.........   98%         5    ######.
 Yara's Violent Unravell  Hex/Tmut       #.........   98%         5    ######.


Dungeon Overview and Level Annotations

Branches:
Dungeon (3/15)

Altars:
Hepliaklqana
Makhleb
Trog
Xom


Innate Abilities, Weirdness & Mutations

You are somewhat resistant to further mutation.


Message History

You are no longer berserk.
You are exhausted.
You feel yourself slow down.
* * * LOW HITPOINT WARNING * * *
You feel sick.
It was a potion of mutation.
You feel extremely strange.
You feel genetically stable.
It was a potion of lignification.
You turn into a tree.
Your +0 helmet melds into your body.
Your +0 chain mail melds into your body.
Your roots penetrate the ground.
You flicker for a moment.
* * * LOW HITPOINT WARNING * * *
You feel sick.
It was a potion of flight.
Your roots keep you in place.
* * * LOW HITPOINT WARNING * * *
You feel sick.
Your extra speed is starting to run out.
There is a lethal amount of poison in your body!
You die...

###...#.# #.######.#
#. #########.##.#
#........####.
#............#
####.....)..<.
#.#######.####
#.########. ###.###
##.## ######.# #.
......#
#...#####......# #.
###.#.#
#..##_..#.###########
#.
###.#.####..##...'.#
#...###.
.....[..>...##_.♣###
#.#.....
###÷#.####.#######
#...###. ###.#.# #.#
##.## #. ....#.# #.#
##### #.# #. .####.##
#.#######...# #.# ##
.###...###...)..>....#
#.#
........##########...#
#.# ####......#
##.#######.#
..........####
###.##...(..#


There were no monsters in sight!

Vanquished Creatures
  A crimson imp (D:3)
  An adder (D:2)
  2 oozes
  A worm (D:2)
  A leopard gecko (D:2)
  2 orcs (D:3)
  6 bats
  10 goblins
  5 hobgoblins (D:1)
  12 jackals
  5 kobolds
  A ball python (D:3)
  5 frilled lizards
  4 rats
56 creatures vanquished.

Notes
Turn   | Place    | Note
-------+----------+-------------------------------------------
     0 | D:1      | Knicklaso the Deep Elf Fire Elementalist began the quest
                  | for the Orb.
     0 | D:1      | Reached XP level 1. HP: 10/10 MP: 6/6
   278 | D:1      | Reached XP level 2. HP: 15/15 MP: 6/8
   655 | D:1      | Reached XP level 3. HP: 19/19 MP: 6/10
  1254 | D:2      | Found a hazy altar of Hepliaklqana.
  1663 | D:2      | Reached skill level 4 in Spellcasting
  1812 | D:2      | Reached XP level 4. HP: 15/24 MP: 6/12
  2088 | D:3      | Found a faded altar of an unknown god.
  2131 | D:3      | Became a worshipper of Trog the Wrathful
  2131 | D:3      | Reached * piety under Trog
  2473 | D:3      | Found a shimmering altar of Xom.
  2474 | D:3      | Found a burning altar of Makhleb.
  2499 | D:3      | Reached skill level 1 in Short Blades
  2502 | D:3      | HP: 1/24 [poisoned by a crimson imp]
  2503 | D:3      | Gained mutation: You are somewhat resistant to further
                  | mutation. [potion of mutation]
  2509 | D:3      | Succumbed to a crimson imp's poison

Skill      XL: |  1  2  3  4 |
---------------+-------------+-----
Conjurations   | 2 3 |  3.5
Spellcasting   | 4 |  4.1
Short Blades   | 1 |  1.1
Stealth        | 3 |  3.0
Dodging        | |  2.9
Fire Magic     | |  3.2

Action                   |  1- 3 |  4- 6 || total
-------------------------+-------+-------++-------
Melee: Short sword       |       |    51 ||    51
 Fire: Hunting sling     |    46 |     9 ||    55
Throw: Stone             |       |     5 ||     5
 Cast: Flame Tongue      |    74 |     5 ||    79
Invok: Berserk           |       |     1 ||     1
  Use: Potion            |       |     3 ||     3
 Stab: Invisible         |       |     1 ||     1
  Eat: Chunk             |     3 |     1 ||     4
Armor: Robe              |     7 |     1 ||     8
       Chain mail        |       |    29 ||    29
Dodge: Dodged            |    35 |    10 ||    45
